 Dungeon Crawl Stone Soup version 0.21.1-1-g345015f (webtiles) character file.

664 tidbits the Digger (level 7, 42/51 HPs)
             Began as a Gnoll Earth Elementalist on Feb 8, 2018.
             Quit the game in an ossuary.
             The game lasted 00:07:55 (790 turns).

tidbits the Digger (Gnoll Earth Elementalist)        Turns: 790, Time: 00:07:56

Health: 42/51      AC:  2    Str: 10    XL:     7   Next: 57%
Magic:  8/15       EV: 15    Int: 19    God:
Gold:   141        SH:  0    Dex: 16    Spells: 10/17 levels left

rFire    . . .     SeeInvis .   a - +0 dagger
rCold    . . .     Gourm    .   (no shield)
rNeg     . . .     Faith    .   c - +0 robe
rPois    .         Spirit   .   (no helmet)
rElec    .         Reflect  .   (no cloak)
rCorr    .         Harm     .   (no gloves)
MR       .....                  (no boots)
Stlth    +++.......             f - amulet of inaccuracy (curse)
HPRegen  0.17/turn              j - ring of flight
MPRegen  0.14/turn              (no ring)

@: no status effects
A: distributed training, fangs 1, strong nose
a: Evoke Flight


You were in an ossuary.
You were not hungry.

You visited 1 branch of the dungeon, and saw 6 of its levels.
You also visited: Ossuary.

You collected 141 gold pieces.

Inventory:

Hand Weapons
 a - a +0 dagger (weapon)
Missiles
 b - 66 stones (quivered)
Armour
 c - a +0 robe (worn)
Jewellery
 f - a cursed amulet of inaccuracy (around neck)
   (You found it on level 2 of the Dungeon)
 h - an uncursed amulet of the gourmand
   (You found it on level 3 of the Dungeon)
 j - a ring of flight (left hand)
   (You found it on level 4 of the Dungeon)
Wands
 k - a wand of disintegration (3)
Scrolls
 i - a scroll of teleportation
 o - a scroll of remove curse {unknown}
Potions
 l - a potion of brilliance {unknown}
 n - a potion of agility {unknown}
Books
 e - a book of Geomancy

   Spells                             Type                      Level
   a - Sandblast                      Earth                        1
   b - Passwall                       Transmutation/Earth          2
   c - Stone Arrow                    Conjuration/Earth            3
   d - Petrify                        Transmutation/Earth          4
   e - Lee's Rapid Deconstruction     Earth                        5
Comestibles
 d - 3 rations
 m - a chunk of flesh


   Skills:
 + Level 2.5 Fighting
 + Level 2.5 Short Blades
 + Level 2.5 Long Blades
 + Level 2.5 Axes
 + Level 2.5 Maces & Flails
 + Level 2.5 Polearms
 + Level 2.5 Staves
 + Level 2.5 Slings
 + Level 2.5 Bows
 + Level 2.5 Crossbows
 + Level 2.5 Throwing
 + Level 2.5 Armour
 + Level 5.2 Dodging
 + Level 4.9 Stealth
 + Level 2.5 Shields
 + Level 2.5 Unarmed Combat
 + Level 5.6 Spellcasting
 + Level 2.0 Conjurations
 + Level 2.0 Hexes
 + Level 2.0 Charms
 + Level 2.0 Summonings
 + Level 2.0 Necromancy
 + Level 2.0 Translocations
 + Level 3.0 Transmutations
 + Level 2.0 Fire Magic
 + Level 2.0 Ice Magic
 + Level 2.0 Air Magic
 + Level 5.8 Earth Magic
 + Level 2.0 Poison Magic
 + Level 2.8 Invocations
 + Level 2.5 Evocations


You had 10 spell levels left.
You knew the following spells:

 Your Spells              Type           Power        Failure   Level  Hunger
a - Sandblast             Erth           ####..       1%          1    None
e - Petrify               Tmut/Erth      ###.....     19%         4    ####...
p - Passwall              Tmut/Erth      ###.......   2%          2    None


Dungeon Overview and Level Annotations

Branches:
Dungeon (6/15)
 Temple: D:4-7

Altars:
Zin

Annotations:
D:5 adept's ghost, novice DDFi


Innate Abilities, Weirdness & Mutations

Your experience applies equally to all skills.
You have very sharp teeth.
Your uncanny sense of smell can sniff out nearby items.


Message History

The blast of sand hits the jackal.
You kill the jackal!
b - 73 stones Wield which item (- for none, * to show all)? (? for menu, Esc to quit)
Okay, then.
You see here a dagger.
m - a dagger Wield which item (- for none, * to show all)? (? for menu, Esc to quit)
m - a +0 dagger (weapon)
Adjust (i)tems, (s)pells, or (a)bilities?
Adjust which item? (? for menu, Esc to quit)
m - a +0 dagger (weapon)
Adjust to which letter? (? for menu, Esc to quit)
a - a +0 dagger (weapon);
m - a chunk of flesh
Casting: Sandblast
Confirm with . or Enter, or press ? or * to list all spells.
Aiming: Sandblast
Press: ? - help, Shift-Dir - straight line, f - jackal
Aim: a jackal The blast of sand hits the jackal.
You kill the jackal!
b - 72 stones A jackal comes into view.
Casting: Sandblast
Confirm with . or Enter, or press ? or * to list all spells.
Aiming: Sandblast
Press: ? - help, Shift-Dir - straight line, f - jackal
Aim: a jackal (resting)
The blast of sand hits the jackal.
You kill the jackal!
b - 71 stones The jackal barks!
Casting: Sandblast
Confirm with . or Enter, or press ? or * to list all spells.
Aiming: Sandblast
Press: ? - help, Shift-Dir - straight line, f - jackal
Aim: a jackal The blast of sand misses the jackal.
b - 70 stones An orc comes into view.
Casting: Sandblast
Confirm with . or Enter, or press ? or * to list all spells.
Aiming: Sandblast
Press: ? - help, Shift-Dir - straight line, f/p - jackal
Aim: a jackal The blast of sand hits the jackal.
You kill the jackal!
b - 69 stones
Casting: Sandblast
Confirm with . or Enter, or press ? or * to list all spells.
Aiming: Sandblast
Press: ? - help, Shift-Dir - straight line, f - orc
Aim: an orc The blast of sand misses the orc.
b - 68 stones You closely miss the orc.
The orc barely misses you.
Casting: Sandblast
Confirm with . or Enter, or press ? or * to list all spells.
Aiming: Sandblast
Press: ? - help, Shift-Dir - straight line, f/p - orc
Aim: an orc The blast of sand hits the orc.
You kill the orc!
b - 67 stones
Things that are here:
an orc corpse; a jackal corpse
Found a stone staircase leading up.
There is an escape hatch in the floor here.
You slide downwards.
The hatch slams shut behind you.
You hear the hiss of flowing sand.
There is an entrance to an ossuary on this level.
Hurry and find it before the portal is buried!
A leopard gecko and an iguana come into view.
The iguana hisses angrily.
You hear a shout!
Found 19 arrows and a scroll labeled HOCIAS KEZAIH.
Found a stone staircase leading up.
You catch the helpless leopard gecko completely off-guard!
You puncture the leopard gecko!
You kill the leopard gecko!
Found a sand-covered staircase.
Found 3 gold pieces.
You see here a scroll labeled HOCIAS KEZAIH.
o - a scroll labeled HOCIAS KEZAIH
There is a sand-covered staircase here.
The world spins around you as you enter the gateway.
You enter an ossuary!
Found a gate leading back out of this place.
There is an empty arch of ancient stone here.
Unknown command.
An orc zombie comes into view. 4 zombies come into view.
Casting: Sandblast
Confirm with . or Enter, or press ? or * to list all spells.
Aiming: Sandblast
Press: ? - help, Shift-Dir - straight line, f - orc zombie
Aim: an orc zombie (resting)
The blast of sand hits the orc zombie.
You destroy the orc zombie!
b - 66 stones It was a potion of cancellation.
You feel magically purged.
Are you sure you want to abandon this character and quit the game? (Confirm with "yes".)

##################
#.........∩∩......
#...@.............
#...##############
#..Z ∆∆∆ ∆ #...
∆∆∆ #... #ZZ. #..Z
#...


You could see 2 hobgoblin zombies and 2 kobold zombies.

Vanquished Creatures
  Grinder (D:3)
  Duvessa (D:5)
  A phantom (D:5)
  An ogre (D:5)
  Dowan (D:5)
  A jelly (D:5)
  A worker ant (D:4)
  A hound skeleton (D:5)
  2 adders
  An ooze (D:1)
  3 worms
  4 dart slugs
  2 leopard geckos
  An orc (D:5)
  2 bats
  5 goblins
  3 hobgoblins
  8 jackals
  3 frilled lizards
  2 kobolds
  An orc zombie (Ossuary)
  2 rats
47 creatures vanquished.

Notes
Turn   | Place    | Note
-------+----------+-------------------------------------------
     0 | D:1      | tidbits the Gnoll Earth Elementalist began the quest for the Orb.
     0 | D:1      | Reached XP level 1. HP: 13/13 MP: 6/6
    88 | D:1      | Reached skill level 2 in Transmutations
    88 | D:1      | Reached XP level 2. HP: 19/19 MP: 3/7
    92 | D:1      | Learned a level 2 spell: Passwall
   251 | D:3      | Noticed Grinder
   288 | D:3      | Killed Grinder
   288 | D:3      | Reached skill level 1 in Fighting
   288 | D:3      | Reached skill level 1 in Short Blades
   288 | D:3      | Reached skill level 1 in Long Blades
   288 | D:3      | Reached skill level 1 in Axes
   288 | D:3      | Reached skill level 1 in Maces & Flails
   288 | D:3      | Reached skill level 1 in Polearms
   288 | D:3      | Reached skill level 1 in Staves
   288 | D:3      | Reached skill level 1 in Slings
   288 | D:3      | Reached skill level 1 in Bows
   288 | D:3      | Reached skill level 1 in Crossbows
   288 | D:3      | Reached skill level 1 in Throwing
   288 | D:3      | Reached skill level 1 in Armour
   288 | D:3      | Reached skill level 1 in Shields
   288 | D:3      | Reached skill level 1 in Unarmed Combat
   288 | D:3      | Reached skill level 5 in Spellcasting
   288 | D:3      | Reached skill level 1 in Conjurations
   288 | D:3      | Reached skill level 1 in Hexes
   288 | D:3      | Reached skill level 1 in Charms
   288 | D:3      | Reached skill level 1 in Summonings
   288 | D:3      | Reached skill level 1 in Necromancy
   288 | D:3      | Reached skill level 1 in Translocations
   288 | D:3      | Reached skill level 1 in Fire Magic
   288 | D:3      | Reached skill level 1 in Ice Magic
   288 | D:3      | Reached skill level 1 in Air Magic
   288 | D:3      | Reached skill level 1 in Poison Magic
   288 | D:3      | Reached skill level 1 in Invocations
   288 | D:3      | Reached skill level 1 in Evocations
   288 | D:3      | Reached XP level 3. HP: 26/26 MP: 6/9
   288 | D:3      | Reached XP level 4. HP: 32/32 MP: 7/11
   288 | D:3      | Reached XP level 5. HP: 37/37 MP: 7/12
   362 | D:2      | Reached XP level 6. HP: 44/44 MP: 8/13
   414 | D:4      | Reached skill level 2 in Invocations
   421 | D:4      | Learned a level 4 spell: Petrify
   601 | D:4      | Found a glowing silver altar of Zin.
   659 | D:5      | Entered Level 5 of the Dungeon
   659 | D:5      | Noticed a phantom
   663 | D:5      | Reached skill level 2 in Fighting
   663 | D:5      | Reached skill level 2 in Short Blades
   663 | D:5      | Reached skill level 2 in Long Blades
   663 | D:5      | Reached skill level 2 in Axes
   663 | D:5      | Reached skill level 2 in Maces & Flails
   663 | D:5      | Reached skill level 2 in Polearms
   663 | D:5      | Reached skill level 2 in Staves
   663 | D:5      | Reached skill level 2 in Slings
   663 | D:5      | Reached skill level 2 in Bows
   663 | D:5      | Reached skill level 2 in Crossbows
   663 | D:5      | Reached skill level 2 in Throwing
   663 | D:5      | Reached skill level 2 in Armour
   663 | D:5      | Reached skill level 5 in Dodging
   663 | D:5      | Reached skill level 2 in Shields
   663 | D:5      | Reached skill level 2 in Unarmed Combat
   663 | D:5      | Reached skill level 2 in Evocations
   666 | D:5      | Noticed adept's ghost (novice DDFi)
   679 | D:5      | Noticed Dowan
   691 | D:5      | Killed Dowan
   694 | D:5      | Killed a phantom
   694 | D:5      | Reached XP level 7. HP: 25/50 MP: 5/15
   702 | D:5      | Noticed Duvessa
   705 | D:5      | Killed Duvessa
   705 | D:5      | Reached skill level 2 in Conjurations
   705 | D:5      | Reached skill level 2 in Hexes
   705 | D:5      | Reached skill level 2 in Charms
   705 | D:5      | Reached skill level 2 in Summonings
   705 | D:5      | Reached skill level 2 in Necromancy
   705 | D:5      | Reached skill level 2 in Translocations
   705 | D:5      | Reached skill level 3 in Transmutations
   705 | D:5      | Reached skill level 2 in Fire Magic
   705 | D:5      | Reached skill level 2 in Ice Magic
   705 | D:5      | Reached skill level 2 in Air Magic
   705 | D:5      | Reached skill level 2 in Poison Magic
   771 | D:6      | Found a sand-covered staircase.
   781 | Ossuary  | Entered an ossuary
   790 | Ossuary  | Quit the game

Skill      XL: |  1  2  3  4  5  6  7 |
---------------+----------------------+-----
Transmutations | 2 3 |  3.0
Fighting       | 1 2 |  2.5
Short Blades   | 1 2 |  2.5
Long Blades    | 1 2 |  2.5
Axes           | 1 2 |  2.5
Maces & Flails | 1 2 |  2.5
Polearms       | 1 2 |  2.5
Staves         | 1 2 |  2.5
Slings         | 1 2 |  2.5
Bows           | 1 2 |  2.5
Crossbows      | 1 2 |  2.5
Throwing       | 1 2 |  2.5
Armour         | 1 2 |  2.5
Shields        | 1 2 |  2.5
Unarmed Combat | 1 2 |  2.5
Spellcasting   | 5 |  5.6
Conjurations   | 1 2 |  2.0
Hexes          | 1 2 |  2.0
Charms         | 1 2 |  2.0
Summonings     | 1 2 |  2.0
Necromancy     | 1 2 |  2.0
Translocations | 1 2 |  2.0
Fire Magic     | 1 2 |  2.0
Ice Magic      | 1 2 |  2.0
Air Magic      | 1 2 |  2.0
Poison Magic   | 1 2 |  2.0
Invocations    | 1 2 |  2.8
Evocations     | 1 2 |  2.5
Dodging        | 5 |  5.2
Stealth        | |  4.9
Earth Magic    | |  5.8

Action                   |  1- 3 |  4- 6 |  7- 9 || total
-------------------------+-------+-------+-------++-------
Melee: Unarmed           |    17 |     6 |       ||    23
       Bite              |     1 |       |       ||     1
       Dagger            |       |       |     2 ||     2
 Cast: Sandblast         |    17 |    47 |    11 ||    75
       Passwall          |     2 |     2 |       ||     4
Evoke: Wand              |       |     1 |     4 ||     5
  Use: Potion            |     1 |       |     1 ||     2
       Scroll            |       |     4 |       ||     4
 Stab: Sleeping          |       |     1 |       ||     1
       Distracted        |       |       |     1 ||     1
Armor: Robe              |       |     1 |       ||     1
Dodge: Dodged            |     1 |    13 |     3 ||    17

Table legend:
 A = Turns spent in this place as a percentage of turns spent in the entire game.
 B = Non-inter-level travel turns spent in this place as a percentage of non-inter-level travel turns spent in the entire game.
 C = Inter-level travel turns spent in this place as a percentage of turns spent in this place.
 D = Turns resting spent in this place as a percentage of non-inter-level travel turns spent in this place.
 E = Turns spent auto-exploring this place as a percentage of non-inter-level travel turns spent in this place.
 F = Non-inter-level travel turns spent in this place divided by the number of levels of this place that you've seen.
                   A       B       C       D       E      F
               +-------+-------+-------+-------+-------+----------------------
         Total | 100.0 | 100.0 |   0.0 |   0.0 |   0.0 | 112.9
       Dungeon |  98.9 |  98.9 |   0.0 |   0.0 |   0.0 | 130.2
       Ossuary |   1.1 |   1.1 |   0.0 |   0.0 |   0.0 |   9.0
               +-------+-------+-------+-------+-------+----------------------

Table legend:
 A = Kills in this place as a percentage of kills in entire the game.
 B = Kills by you in this place as a percentage of kills by you in the entire game.
 C = Kills by friends in this place as a percentage of kills by friends in the entire game.
 D = Other kills in this place as a percentage of other kills in the entire game.
 E = Experience gained in this place as a percentage of experience gained in the entire game.
 F = Experience gained in this place divided by the number of levels of this place that you have seen.
                   A       B       C       D       E      F
               +-------+-------+-------+-------+-------+----------------------
         Total | 100.0 | 100.0 |   N/A |   N/A | 100.0 | 135.6
       Dungeon |  97.9 |  97.9 |   N/A |   N/A |  99.9 | 158.0
       Ossuary |   2.1 |   2.1 |   N/A |   N/A |   0.1 |   1.0
               +-------+-------+-------+-------+-------+----------------------

Vault maps used:
D:1:      dpeg_arrival_orchard, serial_glass, glass_columns_a, glass_columns_b,
          glass_columns_b, glass_columns_c, glass_columns_c, glass_columns_a
D:2:      wad_crossroads, marbit_many_paths, nicolae_overflow_crystal_walls,
          first_ration
D:3:      serial_bayou_lagoon_a, serial_bayou_lake_a, uniq_grinder
D:4:      overflow_temple_1_default, portal_sewer_entry_e
D:5:      temple_hall, minmay_item_behind_shaft, uniq_duvessa
D:6:      enter_ossuary_1, serial_shops, nicolae_shop_waterfront, shop, shop,
          nicolae_shop_statue_plus, shop
Ossuary:  ossuary_tomb_1
